 Dungeon Crawl Stone Soup version 0.32-a0-960-g3814254bd7 (webtiles) character file.

Game seed: 10721021356190495317

339 bananaken the Shooter (level 6, -2/48 HPs)
             Began as a Coglin Hunter on Apr 17, 2024.
             Was an Initiate of Cheibriados.
             Slain by Duvessa
             ... wielding a +0 short sword
              (4 damage)
             ... on level 4 of the Dungeon.
             The game lasted 00:06:10 (2452 turns).

bananaken the Shooter (Coglin Hunter)               Turns: 2452, Time: 00:06:12

Health: -2/48      AC:  5    Str: 10 (12) XL:     6   Next: 55%
Magic:  7/7        EV: 11    Int:  6 (9)  God:    Cheibriados [......]
Gold:   331        SH:  0    Dex: 20 (21) Spells: 4/5 levels left

rFire   . . .        a - +3 sling {Jacinta}
rCold   . . .        d - +0 sling {Thoko}
rNeg    . . .        c - +0 leather armour
rPois   .            (no helmet)
rElec   .            g - +1 cloak
rCorr   .            (no gloves)
SInv    .            (no boots)
Will    .....        (amulet unavailable)
Stlth   ++           (ring unavailable)
HPRegen 0.28/turn    (ring unavailable)
MPRegen 0.10/turn    (no gizmo)

%: no passive effects
@: revved, very slow
A: off-hand wielding, slow wielding, warmup strikes, no jewellery
a: Invent Gizmo, Renounce Religion


You were on level 4 of the Dungeon.
You worshipped Cheibriados.
Cheibriados was noncommittal.
You visited 1 branch of the dungeon, and saw 4 of its levels.

You collected 331 gold pieces.

Inventory:

Hand Weapons
 a - a +3 sling (weapon) {Jacinta}
 d - a +0 sling (offhand) {Thoko}
Armour
 c - a +0 leather armour (worn)
 g - a +1 cloak (worn)
Wands
 o - a wand of digging (9)
Scrolls
 b - a scroll of butterflies
 f - 3 scrolls of identify
 k - a scroll of revelation {unknown}
 l - a scroll of vulnerability {unknown}
 m - a scroll of acquirement {unknown}
 n - a scroll of amnesia {unknown}
Potions
 h - 2 potions of curing
 j - a potion of attraction


   Skills:
 + Level 4.1 Fighting
 + Level 4.9 Ranged Weapons
 - Level 2.0 Dodging
 - Level 2.0 Stealth
 + Level 2.2 Invocations


You had 4 spell levels left.
You knew the following spells:

 Your Spells              Type           Power      Damage    Failure   Level
a - Apportation           Tloc           0%         N/A       56%         1

Your spell library contained the following spells:

 Spells                   Type           Power      Damage    Failure   Level
 Magic Dart               Conj           0%         1d3       56%         1
 Necrotise                Necr           0%         1d4       56%         1
 Sting                    Conj/Alch      0%         1d3       56%         1
 Summon Small Mammal      Summ           0%         N/A       56%         1
 Searing Ray              Conj           0%         2d4       71%         2
 Dazzling Flash           Conj/Hex       0%         N/A       90%         3
 Inner Flame              Hex/Fire       0%         N/A       90%         3
 Fulminant Prism          Conj/Alch      0%         3d5       100%        4
 Irradiate                Conj/Alch      0%         3d11      100%        5
 Starburst                Conj/Fire      0%         6d3       100%        6
 Fulsome Fusillade        Conj/Alch      0%         (3-5)d4   100%        8
 Ignition                 Fire           0%         3d3       100%        8


Dungeon Overview and Level Annotations

Branches:
Dungeon (4/15)             Temple (0/1) D:4

Altars:
Cheibriados

Shops:
D:1 (

Annotations:
D:4 Dowan, Duvessa


Innate Abilities, Weirdness & Mutations

You can wield a second weapon in your off-hand.
It takes a long time for you to wield or remove held weapons.
Your first few attacks do less damage.
You cannot equip rings or amulets.


Message History

You shoot a sling bullet.
The sling bullet hits Duvessa but does no damage.
Duvessa is heavily wounded.
You shoot a sling bullet. The sling bullet barely misses Duvessa.
Duvessa hits you with a +0 short sword. x2; Dowan hits you with a +0 dagger.
Unknown command.
You shoot a sling bullet.
The sling bullet hits Duvessa but does no damage.
Duvessa is heavily wounded.
You shoot a sling bullet. The sling bullet hits Duvessa!
Duvessa is severely wounded.
Duvessa closely misses you. Dowan hits you but does no damage.
Duvessa hits you with a +0 short sword.
You shoot a sling bullet.
The sling bullet hits Duvessa but does no damage.
Duvessa is severely wounded.
You shoot a sling bullet. The sling bullet hits Duvessa.
Duvessa is severely wounded.
Duvessa hits you with a +0 short sword! Dowan barely misses you.
Duvessa misses you.
Dowan casts a spell.
Dowan blinks!
You shoot a sling bullet. The sling bullet barely misses Duvessa.
You shoot a sling bullet. The sling bullet hits Duvessa.
Duvessa is almost dead.
Duvessa gestures with her weapon.
Duvessa hits you with a +0 short sword. x2
* * * LOW HITPOINT WARNING * * *
You feel better.
Duvessa zaps a wand.
The puff of flame hits you!
* * * LOW HITPOINT WARNING * * *
Unknown command.
You shoot a sling bullet. The sling bullet barely misses Duvessa.
You shoot a sling bullet.
The sling bullet closely misses Duvessa.
Duvessa hits you with a +0 short sword!
* * * LOW HITPOINT WARNING * * *
Dowan points at you and mumbles some strange words.
The puff of flame misses you. Duvessa hits you with a +0 short sword.
You die...
Cheibriados appreciates the motionlessness of death.

...########.(
#.........# #.........#
+.........+ #..)...(..#
. ########.........#
##e. .......÷#'##....<#
.....
........'..#....e#......
........#..'....@'......
.....÷..####.....##....#
####..........###### ##.
...#..........#....#
...#..........#....#
##'#..........#....#
..........#####...######
..........'.......#....#
....[.....#.......#....#


You could see Duvessa (fast) and Dowan.

Vanquished Creatures
  An ogre (D:4)
  A centaur (D:4)
  A phantom (D:4)
  A hound (D:4)
  2 adders
  2 dart slugs (D:1)
  2 orcs (D:3)
  4 ball pythons
  3 bats
  5 endoplasms
  A giant cockroach (D:2)
  2 goblins
  2 hobgoblins (D:3)
  6 jackals (D:1)
  2 quokkas (D:4)
  3 frilled lizards
  2 kobolds
  4 rats
44 creatures vanquished.

Notes
Turn   | Place    | Note
-------+----------+-------------------------------------------
     0 | D:1      | bananaken the Coglin Hunter began the quest for the Orb.
     0 | D:1      | Reached XP level 1. HP: 16/16 MP: 1/1
    57 | D:1      | Found Xadghuof's Weapon Shoppe.
   115 | D:1      | Reached skill level 1 in Stealth
   149 | D:1      | Found a faded altar of an unknown god.
   172 | D:1      | Reached XP level 2. HP: 22/22 MP: 2/2
   336 | D:1      | Reached XP level 3. HP: 28/28 MP: 3/3
   766 | D:2      | Found a snail-covered altar of Cheibriados.
   778 | D:2      | Became a worshipper of Cheibriados the Contemplative
  1561 | D:3      | Learned a level 1 spell: Apportation
  1562 | D:4      | Noticed a phantom
  1590 | D:4      | Reached XP level 4. HP: 32/34 MP: 4/4
  1673 | D:4      | Killed a phantom
  1674 | D:4      | Reached skill level 1 in Invocations
  1674 | D:4      | Reached XP level 5. HP: 30/41 MP: 4/6
  1804 | D:4      | Found a staircase to the Ecumenical Temple.
  1841 | D:4      | Noticed a centaur
  2028 | D:4      | Noticed an ogre
  2037 | D:4      | Killed an ogre
  2038 | D:4      | Reached XP level 6. HP: 44/48 MP: 7/7
  2439 | D:4      | Noticed Duvessa
  2440 | D:4      | Noticed Dowan
  2452 | D:4      | HP: 2/48 [Duvessa/+0 short sword (9)]
  2452 | D:4      | Slain by Duvessa

Illustrated notes

Levels and vault maps discovered:
D:1:      psy_arrival_basics, layout_loops_ring,
          shapermc_ecumenical_altar_mp_ritualfount, serial_shops, shop_coins,
          serial_bayou_lake_a
D:2:      layout_basic, basic_altar
D:3:      layout_loops_ring, kennysheep_generic_room_3
D:4:      layout_gridville, minmay_temple_entry_hall,
          serial_library_hellmonk_open_cross, uniq_duvessa

Skill      XL: |  1  2  3  4  5  6 |
---------------+-------------------+-----
Stealth        | 1 2 |  2.0
Dodging        | 2 |  2.0
Ranged Weapons | 4 |  4.9
Fighting       | 3 4 |  4.1
Invocations    | 1 2 |  2.2

Action                     |  1- 3 |  4- 6 || total
---------------------------+-------+-------++-------
   Fire: Sling             |   138 |    92 ||   230
    Use: Scroll            |     1 |     3 ||     4
         Potion            |     1 |     5 ||     6
 Armour: Leather armour    |     7 |    30 ||    37
  Dodge: Dodged            |    10 |    21 ||    31

Table legend: (Time is in decaauts)
 A = Elapsed time spent in this place.
 B = Non-inter-level travel time spent in this place.
 C = Inter-level travel time spent in this place.
 D = Time resting spent in this place.
 E = Time spent auto-exploring this place.
 F = Levels seen in this place.
 G = Mean time per level.
                   A        B        C        D        E       F      G
               +--------+--------+--------+--------+--------+-----+--------+
         Total |   2885 |   2754 |    131 |    208 |   2165 |   4 |  721.2 |
       Dungeon |   2885 |   2754 |    131 |    208 |   2165 |   4 |  721.2 |
               +--------+--------+--------+--------+--------+-----+--------+

Top non-repeatable levels by time:
     D:4: 1052 daAuts
     D:3: 734 daAuts
     D:1: 721 daAuts
     D:2: 377 daAuts
